 Dungeon Crawl Stone Soup version 0.28-a0-312-gbced6e68ee (webtiles) character file.

Game seed: 12171290546420112491

114 Dirtsage the Changer (level 4, -1/28 HPs)
             Began as an Octopode Transmuter on Aug 30, 2021.
             Slain by an orc priest (4 damage)
             ... on level 3 of the Dungeon.
             The game lasted 00:05:33 (2839 turns).

Dirtsage the Changer (Octopode Transmuter)          Turns: 2839, Time: 00:05:34

Health: -1/28      AC:  1    Str: 10    XL:     4   Next: 98%
Magic:  6/7        EV: 13    Int: 15    God:
Gold:   77         SH:  0    Dex: 12    Spells: 1/7 levels left

rFire   . . .      SeeInvis .     - Unarmed
rCold   . . .      Faith    .   (no shield)
rNeg    . . .      Spirit   .   (helmet currently unavailable)
rPois   .          Reflect  .   (no amulet)
rElec   .          Harm     .   (no ring)
rCorr   .          Rampage  .   (no ring)
Will    .....                   (no ring)
Stlth   ++........              (no ring)
HPRegen 0.09/turn               (no ring)
MPRegen 0.10/turn               (no ring)
                                (no ring)
                                (no ring)

@: appendages
A: tentacle spike 3, almost no armour, amphibious, 8 rings, camouflage 1,
gelatinous body 1, (nimble swimmer 1), tentacles
a: End Transformation


You were on level 3 of the Dungeon.
One of your tentacles had grown a beastly spike.
You visited 1 branch of the dungeon, and saw 3 of its levels.

You collected 77 gold pieces.


Innate Abilities, Weirdness & Mutations

One of your tentacles has grown a beastly spike.
You cannot wear most types of armour.
You are amphibious.
You can wear up to eight rings at the same time.
Your skin changes colour to match your surroundings (Stealth+).
Your rubbery body absorbs attacks. (AC +1, EV +1)
((You are camouflaged near water. (Stealth+)))
You have tentacles for arms and can constrict up to eight enemies at once.


   Skills:
 - Level 1.0 Fighting
 - Level 2.0 Dodging
 - Level 3.0 Unarmed Combat
 - Level 2.0 Spellcasting
 * Level 4.8 Transmutations
 + Level 1.1 Poison Magic


You had one spell level left.
You knew the following spells:

 Your Spells              Type           Power      Damage    Failure   Level
b - Beastly Appendage     Tmut           32%        N/A       3%          1
s - Spider Form           Tmut/Pois      5%         N/A       19%         3
w - Wereblood             Tmut           16%        N/A       4%          2

Your spell library contained the following spells:

 Spells                   Type           Power      Damage    Failure   Level
 Ice Form                 Ice/Tmut       8%         N/A       63%         4

Inventory:

Missiles
 d - 37 stones
Scrolls
 c - a scroll of teleportation {unknown}
 e - 2 scrolls of fog {unknown}
 g - a scroll of enchant armour {unknown}
 h - 3 scrolls of identify {unknown}
 j - a scroll of acquirement {unknown}
 l - a scroll of torment {unknown}
Potions
 a - a potion of haste {unknown}
 b - a potion of degeneration {unknown}
 f - 2 potions of berserk rage {unknown}
 i - a potion of attraction {unknown}
 k - a potion of flight {unknown}
 m - a potion of curing {unknown}

Dungeon Overview and Level Annotations

Branches:
Dungeon (3/15)

Altars:

#.#... .. #.#.. .# #
######.#.####### #.#.#
.......#<......#####.#.##
.........#..............
#.......#.###.#####.#.#
.........#.###.#.....#.#.#.
...........)..............>
.......#.#@####..##..#.####
##'###o#.#o# #..##..#.# #
#.#.#.# #..##..#.# #.#...#
#..##....# #. #..#
#..###...###. #...
...#......... ##.#
#)##.#<#..... ...
..............
##.##.#.......


You could see an orc priest.


Message History

You tentacle-slap the hobgoblin.
You kill the hobgoblin!
No target in view!
Your primal bloodlust is almost over.
Your tentacle spike disappears.
Your primal bloodlust has ended.
Magic restored.
Items here: )))) †††.
Okay, then.
An orc priest comes into view. It is wielding a +0 dagger.
The orc priest looks satisfied for a moment.
Items here: )))) †††.
Casting: Wereblood (safe; 4% risk of failure)
Confirm with . or Enter, or press ? or * to list all spells.
One of your tentacles grows a vicious spike.
Items here: )))) †††.
The orc priest invokes the aid of Beogh against you.
Beogh smites you!
You tentacle-slap the orc priest. You grab the orc priest.
You pierce the orc priest.
The orc priest is lightly wounded.
You constrict the orc priest.
The orc priest calls down the wrath of Beogh upon you.
Beogh smites you!
* * * LOW HITPOINT WARNING * * *
You tentacle-slap the orc priest.
The orc priest is moderately wounded.
You constrict the orc priest.
The orc priest hits you with a +0 dagger.
You die...

Skill      XL: |  1  2  3  4 |
---------------+-------------+-----
Transmutations | 3 4 |  4.8
Poison Magic   | 1 |  1.1
Fighting       | |  1.0
Dodging        | |  2.0
Unarmed Combat | |  3.0
Spellcasting   | |  2.0

Action                   |  1- 3 |  4- 6 || total
-------------------------+-------+-------++-------
Melee: Unarmed           |    89 |    14 ||   103
       Constrict         |    20 |     6 ||    26
       Tentacles         |    10 |     2 ||    12
       Kick              |     1 |     2 ||     3
       Punch             |     1 |     1 ||     2
 Cast: Beastly Appendage |     2 |     2 ||     4
       Spider Form       |     1 |       ||     1
       Wereblood         |       |     1 ||     1
 Stab: Sleeping          |     8 |       ||     8
Armor: Skin              |     6 |     1 ||     7
Dodge: Dodged            |    37 |    10 ||    47

Levels and vault maps discovered:
D:1:      sevenhm_arrival_forest_fort_large_2, layout_basic,
          dreamdust_ecumenical_altar_grove
D:2:      layout_loops_corners, uniq_terence
D:3:      layout_basic, cheibriados_altar_1, serial_shops, nicolae_shop_crystal,
          uniq_robin

Notes
Turn   | Place    | Note
-------+----------+-------------------------------------------
     0 | D:1      | Dirtsage the Octopode Transmuter began the quest for the
                  | Orb.
     0 | D:1      | Reached XP level 1. HP: 13/13 MP: 3/3
   194 | D:1      | You fall into a shaft and drop 1 floor!
   436 | D:1      | Reached XP level 2. HP: 18/18 MP: 5/5
   728 | D:1      | Found a faded altar of an unknown god.
   741 | D:1      | Reached skill level 3 in Transmutations
  1225 | D:2      | Reached XP level 3. HP: 12/23 MP: 4/6
  1228 | D:2      | Learned a level 2 spell: Wereblood
  1566 | D:2      | Noticed Terence
  2431 | D:2      | Reached skill level 4 in Transmutations
  2672 | D:2      | Learned a level 3 spell: Spider Form
  2681 | D:2      | Killed Terence
  2682 | D:2      | Reached XP level 4. HP: 28/28 MP: 4/7
  2817 | D:3      | Reached skill level 1 in Poison Magic
  2839 | D:3      | Slain by an orc priest

Vanquished Creatures
  An orc priest (D:3)
  Terence (D:2)
  An adder (D:2)
  A dart slug (D:2)
  2 orcs (D:3)
  3 bats
  2 endoplasms (D:2)
  A giant cockroach (D:1)
  5 goblins
  5 hobgoblins
  2 quokkas (D:2)
  6 ball pythons
  5 frilled lizards
  3 kobolds
  8 rats
46 creatures vanquished.

Table legend: (Time is in decaauts)
 A = Elapsed time spent in this place.
 B = Non-inter-level travel time spent in this place.
 C = Inter-level travel time spent in this place.
 D = Time resting spent in this place.
 E = Time spent auto-exploring this place.
 F = Levels seen in this place.
 G = Mean time per level.
                   A        B        C        D        E       F      G
               +--------+--------+--------+--------+--------+-----+--------+
         Total |   2834 |   2803 |     31 |      0 |   2475 |   3 |  944.7 |
       Dungeon |   2834 |   2803 |     31 |      0 |   2475 |   3 |  944.7 |
               +--------+--------+--------+--------+--------+-----+--------+

Top non-repeatable levels by time:
     D:2: 1666 daAuts
     D:1: 1103 daAuts
     D:3: 65 daAuts

Table legend:
 A = Non-vault XP
 B = Vault XP
 C = Vault XP percentage of total XP
 D = Non-vault monster count
 E = Vault monster count
 F = Vault count percentage of total count
                 A         B        C        D         E       F
            +---------+---------+-------+---------+---------+-------
      Total |     128 |      36 |  22.0 |      45 |       1 |   2.2
            +---------+---------+-------+---------+---------+-------
        D:1 |      24 |       0 |   0.0 |      15 |       0 |   0.0
        D:2 |      48 |      36 |  42.9 |      24 |       1 |   4.0
        D:3 |      56 |       0 |   0.0 |       6 |       0 |   0.0
            +---------+---------+-------+---------+---------+-------
